cohdb
Replays
Latest Replays
All Replays
Popular Replays
Top Player Replays
Match Explorer
How It Works
Community
CoH3 Stats
Reddit
Sign in to upload your games and track your stats! →
Sign in with Steam
Match 45642415
Unlisted
Match 45642415
Overview
Messages
Build Orders
End
Kradschützen Motorcycle Team
Selects Italian Combined Arms Battlegroup
Selects Bersaglieri Squad
Bersaglieri Squad
Panzergrenadier Squad
Construct Light Support Kompanie
Bersaglieri Squad
Selects Bersaglieri Bolster
Construct Mechanized Kompanie
Support Armor Elements
Assault Mechanized Group
2.5-tonne Medical Truck
Selects Breda Model 30 Light Machine Guns
StuG III D Assault Gun
Selects Semovente da 75/18 Assault Gun
le.IG 18 Mechanized Group
Selects Strafing Run
Selects Artillery Cover
Strafing Run
Construct Panzerarmee Kommand
Bersaglieri Squad
Marder III Tank Destroyer
Strafing Run
Armored Reserves
Panzer IV Assault Group
Panzerpioneer Squad
SirSquid
VleesKuip
0
0
Comments
sign in to comment!
No comments posted yet!